 Dungeon Crawl Stone Soup version 0.18.1-47-g9310371 (webtiles) character file.

65 Sirdec the Covered (level 3, -2/29 HPs)
             Began as a Demonspawn Fighter on June 20, 2016.
             Slain by Oakoak's ghost (5 damage)
             ... on level 3 of the Dungeon.
             The game lasted 00:11:59 (1703 turns).

Sirdec the Covered (Demonspawn Fighter)             Turns: 1703, Time: 00:12:00

Health: -2/29      AC:  8    Str: 17    XL:     3   Next: 94%
Magic:  3/3        EV:  7    Int:  9    God:
Gold:   90         SH:  9    Dex: 12    Spells: 0 memorised, 2 levels left

rFire  . . .     SeeInvis .     n - +0 hand axe (chop)
rCold  . . .     Gourm    .     b - +0 scale mail
rNeg   . . .     Faith    .     c - +0 shield
rPois  .         Spirit   .     (no helmet)
rElec  .         Dismiss  .     (no cloak)
rCorr  +         Reflect  .     (no gloves)
SustAt .         Harm     .     (no boots)
MR     .....                    (no amulet)
Stlth  ..........               (no ring)
                                g - ring of resist corrosion

@: not resistant to hostile enchantments, extremely unstealthy
A: hooves 1, thin metallic scales 1
a: no special abilities


You were on level 3 of the Dungeon.
You were not hungry.

You visited 1 branch of the dungeon, and saw 3 of its levels.

You collected 90 gold pieces.

Inventory:

Hand Weapons
 a - a +0 flail
 n - a +0 hand axe of chopping (weapon)
Missiles
 k - 49 bolts
 q - 2 curare-tipped needles
Armour
 b - a +0 scale mail (worn)
 c - a +0 shield (worn)
Jewellery
 g - a ring of resist corrosion (left hand)
Scrolls
 j - a scroll of teleportation {unknown}
 m - 2 scrolls of identify
 p - a scroll of fog {unknown}
 r - a scroll of random uselessness {unknown}
 s - 2 scrolls of magic mapping {unknown}
 w - a scroll of enchant weapon {unknown}
Potions
 d - a potion of might
 e - a potion of lignification {unknown}
 i - 2 potions of heal wounds
 t - a potion of degeneration {unknown}
 u - a potion of flight {unknown}
Comestibles
 f - 2 bread rations
 h - a royal jelly
 l - a beef jerky
 o - 13 fruits
 v - 2 chunks of flesh


   Skills:
 - Level 3.0 Fighting
 * Level 2.7 Maces & Flails
 + Level 3.3 Armour
 + Level 3.2 Shields


You had 2 spell levels left.
You didn't know any spells.

Dungeon Overview and Level Annotations

Branches:
Dungeon (3/15)

Altars:
Ashenzari

Annotations:
D:3 Oakoak's ghost, weakling TrWr


Innate Abilities, Weirdness & Mutations

You have large cloven feet.
You are partially covered in thin metallic scales (AC +2).


Message History

Oakoak's ghost is heavily damaged.
Oakoak's ghost hits you but does no damage.
Your shield and scale mail prevent you from hitting Oakoak's ghost.
Oakoak's ghost is heavily damaged.
Oakoak's ghost hits you.
* * * LOW HITPOINT WARNING * * *
You block Oakoak's ghost's attack.
You hit Oakoak's ghost.
You kick Oakoak's ghost, but do no damage.
Oakoak's ghost is severely damaged.
Oakoak's ghost hits you but does no damage.
You closely miss Oakoak's ghost.
Oakoak's ghost is severely damaged.
You block Oakoak's ghost's attack.
You completely miss Oakoak's ghost.
Oakoak's ghost is severely damaged.
Oakoak's ghost hits you.
* * * LOW HITPOINT WARNING * * *
Oakoak's ghost hits you.
You die...

..#...#..##+.....#.#
##....†###...)....#
...........)#.....#
....♣.......##...##
...........####...#
### ##.....##### ##'##
#.# .'#...#..#### #.#
#.# ..#...#...#.# #W#
#.## .##...##.<#.#
##@## #..#
###...#####.###...##
##.# #####
#.###.....### #.# #.#
##......# #.# #.#
##.#...########.#
#.#######............#
#..........###########
############


You could see Oakoak's ghost.

Vanquished Creatures
  2 adders
  A worm (D:2)
  A giant gecko (D:2)
  A bat (D:2)
  4 giant cockroaches
  7 goblins
  6 hobgoblins
  2 jackals (D:1)
  A ball python (D:2)
  5 giant newts
  6 kobolds
  4 rats (D:2)
40 creatures vanquished.

Notes
Turn   | Place    | Note
--------------------------------------------------------------
     0 | D:1      | Sirdec the Demonspawn Fighter began the quest for the Orb.
     0 | D:1      | Reached XP level 1. HP: 18/18 MP: 1/1
   268 | D:1      | Gained mutation: You are partially covered in thin metallic scales (AC +2). [demonic ancestry]
   268 | D:1      | Reached XP level 2. HP: 22/24 MP: 2/2
   789 | D:2      | Gained mutation: You have large cloven feet. [demonic ancestry]
   789 | D:2      | Reached XP level 3. HP: 20/29 MP: 3/3
   823 | D:2      | Found a shattered altar of Ashenzari.
  1680 | D:3      | Noticed Oakoak's ghost (weakling TrWr)
  1703 | D:3      | Slain by Oakoak's ghost

Skill      XL: |  1  2 |
---------------+-------+-----
Shields        | 3 |  3.2
Armour         | 3 |  3.3
Maces & Flails | 2 |  2.7
Fighting       | |  3.0

Action                   || total
-------------------------++-------
Melee: Flail             ||   160
       Kick              ||    23
       Hand axe          ||    17
  Use: Scroll            ||     1
  Eat: Chunk             ||     2
       Fruit             ||     1
Armor: Scale mail        ||    83
Dodge: Dodged            ||    57
Block: Shield            ||    80
